 Dungeon Crawl Stone Soup version 0.28-a0-94-g325244837d (webtiles) character file.

Game seed: 3520680059258286157

1750 HAL9000 the Changer (level 8, -6/66 HPs)
             Began as a Yellow Draconian Transmuter on Aug 7, 2021.
             Killed from afar by a steam dragon (11 damage)
             ... with a ball of steam
             ... on level 6 of the Dungeon.
             The game lasted 00:14:19 (6010 turns).

HAL9000 the Changer (Yellow Draconian Transmuter)   Turns: 6010, Time: 00:14:19

Health: -6/66      AC:  8    Str: 12    XL:     8   Next: 78%
Magic:  4/11       EV: 12    Int: 16    God:
Gold:   271        SH:  0    Dex: 18    Spells: 2/11 levels left

rFire   . . .      SeeInvis .     - Unarmed
rCold   . . .      Faith    .   (no shield)
rNeg    . . .      Spirit   .   (armour unavailable)
rPois   .          Reflect  .   (helmet restricted)
rElec   .          Harm     .   c - +1 cloak
rCorr   +          Rampage  .   (no gloves)
Will    .....                   (no boots)
Stlth   ++........              f - amulet of regeneration
HPRegen 1.21/turn               i - +6 ring of dexterity
MPRegen 0.12/turn               (no ring)

@: short of breath, wereblooded, very slightly contaminated
A: spit acid, AC +6, unfitting armour, cold-blooded, acid resistance
a: Breathe Acid


You were on level 6 of the Dungeon.
You visited 2 branches of the dungeon, and saw 7 of its levels.

You collected 271 gold pieces.

Inventory:

Missiles
 k - 3 boomerangs
Armour
 c - a +1 cloak (worn)
Jewellery
 f - an amulet of regeneration (around neck)
 i - a +6 ring of dexterity (left hand)
Wands
 o - a wand of digging (9)
Scrolls
 a - a scroll of blinking
 d - a scroll of holy word
 e - a scroll of immolation
 j - 6 scrolls of teleportation
 m - a scroll of brand weapon
 n - 2 scrolls of acquirement {unknown}
 p - a scroll of fog {unknown}
 q - a scroll of vulnerability {unknown}
 s - a scroll of silence {unknown}
 u - a scroll of enchant armour
 w - a scroll of identify
Potions
 b - a potion of resistance
 g - a potion of mutation
 h - a potion of lignification
 l - 2 potions of heal wounds
 r - 2 potions of curing
 t - a potion of attraction
 v - a potion of brilliance {unknown}


   Skills:
 - Level 4.2 Fighting
 - Level 1.7 Dodging
 - Level 6.3 Unarmed Combat
 - Level 2.0 Spellcasting
 - Level 7.9 Transmutations
 + Level 4.6 Earth Magic


You had 2 spell levels left.
You knew the following spells:

 Your Spells              Type           Power      Damage    Failure   Level
a - Beastly Appendage     Tmut           54%        N/A       1%          1
b - Wereblood             Tmut           27%        N/A       1%          2
c - Spider Form           Tmut/Pois      7%         N/A       12%         3
d - Stone Arrow           Conj/Erth      16%        3d8       24%         3

Your spell library contained the following spells:

 Spells                   Type           Power      Damage    Failure   Level
 Passwall                 Tmut/Erth      17%        N/A       2%          2
 Sandblast                Erth           32%        2d9       3%          1
 Slow                     Hex            1%         N/A       30%         2
 Ice Form                 Ice/Tmut       14%        N/A       38%         4
 Confusing Touch          Hex            1%         N/A       52%         3
 Vampiric Draining        Necr           0%         2d6       52%         3
 Lee's Rapid Deconstruct  Erth           8%         3d8*      65%         5
 Lehudib's Crystal Spear  Conj/Erth      4%         10d3      100%        8
 Animate Armour           Summ/Erth      Unusable   N/A       N/A         4

Dungeon Overview and Level Annotations

Branches:
Dungeon (6/15)             Temple (1/1) D:5

Altars:
Cheibriados
Dithmenos
Fedhas
Kikubaaqudgha
Makhleb
Nemelex Xobeh
Qazlal
Ru
Sif Muna
Uskayaw
Vehumet
Xom
Zin
The Shining One

Shops:
D:4 (

Annotations:
D:3 Sigmund


Innate Abilities, Weirdness & Mutations

You can spit globs of acid.
Your golden yellow scales are hard. (AC +6)
You cannot fit into any form of body armour.
You are cold-blooded and may be slowed by cold attacks.
You are resistant to acid. (rCorr)


Message History

The ball of steam hits you.
Casting: Stone Arrow (dangerous; 24% risk of failure)
Confirm with . or Enter, or press ? or * to list all spells.
Aiming: Stone Arrow (dangerous; 24% risk of failure)
Press: ? - help, Shift-Dir - straight line, f/p - steam dragon
Aim: a steam dragon (steam, moderately wounded, catching its breath, covered in acid, 64% to hit)
You miscast Stone Arrow.
You are very lightly contaminated with residual magic.
Nothing appears to happen.
You hit the steam dragon.
The steam dragon is heavily wounded.
The steam dragon breathes steam at you. The ball of steam hits you!!
* * * LOW HITPOINT WARNING * * *
You hit the steam dragon.
The steam dragon is heavily wounded.
You are engulfed in a cloud of scalding steam.
* * * LOW HITPOINT WARNING * * *
The steam dragon breathes steam at you.
The ball of steam hits you but does no damage.
You punch the steam dragon!
The steam dragon is severely wounded.
You are engulfed in a cloud of scalding steam.
The steam dragon misses you.
The steam dragon claws you but does no damage.
You barely miss the steam dragon. You tail-slap the steam dragon.
The steam dragon is almost dead.
You are engulfed in a cloud of scalding steam.
* * * LOW HITPOINT WARNING * * *
The steam dragon bites you!
* * * LOW HITPOINT WARNING * * *
The steam dragon claws you.
* * * LOW HITPOINT WARNING * * *
Okay, then.
You closely miss the steam dragon. You tail-slap the steam dragon.
The steam dragon is almost dead.
You are engulfed in a cloud of scalding steam.
The steam dragon breathes steam at you. The ball of steam hits you!
You die...

......................
#...g..######...............
#...... ####........##.#
#...... #......<.##..
...g... #........'...
....).. #........###.
....... #........# ##
.......#########........# ##
.....^.'.)D@ยงยงยง(...###.##
#( #......###########.# #.#
#. ####... #.# #.# #. #.##
#.# #.# #. #. #.# #.# #. #
#.# #.# #. #.# #.# #.
#.###.##### #..........


You could see a steam dragon (catching breath, corroded).

Vanquished Creatures
  A shadow (D:5)
  An orc warrior (D:4)
  A necrophage (D:6)
  An ogre (D:4)
  2 phantoms (D:6)
  2 kobold brigands (D:6)
  Blork the orc (D:6)
  2 scorpions (D:5)
  A water moccasin skeleton (D:5)
  A water moccasin zombie (D:5)
  A bullfrog zombie (D:5)
  4 centaur skeletons
  Crazy Yiuf (D:2)
  3 orc priests
  Jessica (D:3)
  An iguana (D:4)
  Natasha (D:3)
  3 orc wizards (D:5)
  Terence (D:2)
  A killer bee zombie (D:5)
  A hound skeleton (D:5)
  Robin (D:3)
  11 gnolls
  5 adders
  An adder skeleton (D:4)
  6 worms
  2 dart slugs (D:2)
  8 orcs
  7 ball pythons
  10 endoplasms
  7 giant cockroaches
  11 goblins
  13 hobgoblins
  3 jackals (D:1)
  16 kobolds
  6 quokkas
  A bat (D:1)
  5 frilled lizards
  6 rats
150 creatures vanquished.

Notes
Turn   | Place    | Note
-------+----------+-------------------------------------------
     0 | D:1      | HAL9000 the Draconian Transmuter began the quest for the
                  | Orb.
     0 | D:1      | Reached XP level 1. HP: 16/16 MP: 3/3
   149 | D:1      | Reached XP level 2. HP: 19/23 MP: 3/5
   370 | D:1      | Reached skill level 3 in Transmutations
  1074 | D:2      | Reached XP level 3. HP: 25/28 MP: 4/6
  1241 | D:2      | Reached skill level 4 in Transmutations
  1254 | D:2      | Noticed Terence
  1282 | D:2      | Killed Terence
  1283 | D:2      | Reached XP level 4. HP: 26/35 MP: 7/7
  1287 | D:2      | Learned a level 2 spell: Wereblood
  1291 | D:2      | Learned a level 3 spell: Spider Form
  1496 | D:2      | Found a radiant altar of Vehumet.
  1772 | D:2      | Found a runed translucent door.
  1773 | D:2      | Noticed Crazy Yiuf
  1782 | D:2      | Killed Crazy Yiuf
  1783 | D:2      | Reached skill level 5 in Transmutations
  1875 | D:3      | Noticed Sigmund
  2178 | D:3      | Reached XP level 5. HP: 40/40 MP: 3/8
  2343 | D:3      | Noticed Jessica
  2352 | D:3      | Killed Jessica
  2823 | D:3      | Noticed Robin
  2836 | D:3      | Killed Robin
  2837 | D:3      | Reached skill level 6 in Transmutations
  2877 | D:3      | Noticed Natasha
  2886 | D:3      | Killed Natasha
  3339 | D:4      | Reached XP level 6. HP: 47/47 MP: 7/9
  3484 | D:4      | Found Xoripesh's Weapon Shoppe.
  3520 | D:4      | Noticed an orc warrior
  3546 | D:4      | Reached skill level 7 in Transmutations
  3628 | D:4      | Killed an orc warrior
  3832 | D:4      | Your scales start taking on a golden yellow colour.
  3832 | D:4      | Reached XP level 7. HP: 52/52 MP: 7/10
  3832 | D:4      | Gained mutation: You are resistant to acid. (rCorr) [Yellow
                  | Draconian growth]
  4089 | D:4      | Learned a level 3 spell: Stone Arrow
  4355 | D:5      | Entered Level 5 of the Dungeon
  4424 | D:5      | Found a staircase to the Ecumenical Temple.
  4471 | Temple   | Entered the Ecumenical Temple
  4715 | D:5      | Noticed a shadow
  4730 | D:5      | Killed a shadow
  4953 | D:5      | Reached skill level 5 in Unarmed Combat
  4969 | D:5      | Reached XP level 8. HP: 63/63 MP: 11/11
  5448 | D:6      | Reached skill level 1 in Earth Magic
  5705 | D:6      | Noticed Blork the orc
  5709 | D:6      | Killed Blork the orc
  5863 | D:6      | Found a snail-covered altar of Cheibriados.
  6010 | D:6      | Killed from afar by a steam dragon

Illustrated notes

Levels and vault maps discovered:
D:1:      scummos_arrival_simple_fountains, layout_loops_ring
D:2:      layout_loops_ring, basic_altar, minmay_tetromino_l4,
          uniq_crazy_yiuf_cottage, uniq_terence
D:3:      layout_loops_ring, chequers_garden, minivault_23, minmay_door_square,
          minivault_27, minmay_misc_feat_secret_circle, uniq_sigmund,
          uniq_natasha, uniq_robin, uniq_jessica
D:4:      layout_cave_pods, serial_shops, kennysheep_mini
D:5:      layout_basic, minmay_temple_entry_mist,
          minmay_a_box_with_orc_wizards_in_it
D:6:      layout_basic, cheibrodos_worm_habitat, uniq_blork_the_orc
Temple:   nicolae_temple_god_jail

Skill      XL: |  1  2  3  4  5  6  7  8 |
---------------+-------------------------+-----
Transmutations | 3 4 5 6 7 |  7.9
Fighting       | 3 4 |  4.2
Unarmed Combat | 5 6 |  6.3
Earth Magic    | 4 |  4.6
Dodging        | |  1.7
Spellcasting   | |  2.0

Action                   |  1- 3 |  4- 6 |  7- 9 || total
-------------------------+-------+-------+-------++-------
Melee: Unarmed           |   130 |   214 |   166 ||   510
       Tailslap          |     8 |    31 |    22 ||    61
       Kick              |    15 |    23 |    32 ||    70
       Headbutt          |    12 |    15 |    22 ||    49
       Punch             |     1 |     2 |     4 ||     7
 Cast: Beastly Appendage |    30 |    18 |    17 ||    65
       Spider Form       |       |    10 |       ||    10
       Wereblood         |       |     1 |     3 ||     4
       Stone Arrow       |       |       |     4 ||     4
 Abil: Breathe Acid      |       |       |     8 ||     8
  Use: Scroll            |       |     6 |     7 ||    13
       Potion            |       |       |     1 ||     1
 Stab: Sleeping          |     1 |     4 |       ||     5
Armor: Skin              |    33 |    42 |    76 ||   151
Dodge: Dodged            |    89 |   111 |    73 ||   273

Table legend: (Time is in decaauts)
 A = Elapsed time spent in this place.
 B = Non-inter-level travel time spent in this place.
 C = Inter-level travel time spent in this place.
 D = Time resting spent in this place.
 E = Time spent auto-exploring this place.
 F = Levels seen in this place.
 G = Mean time per level.
                   A        B        C        D        E       F      G
               +--------+--------+--------+--------+--------+-----+--------+
         Total |   5995 |   5780 |    215 |    677 |   3908 |   7 |  856.4 |
       Dungeon |   5903 |   5710 |    193 |    677 |   3851 |   6 |  983.8 |
        Temple |     91 |     69 |     22 |      0 |     57 |   1 |   91.0 |
               +--------+--------+--------+--------+--------+-----+--------+

Top non-repeatable levels by time:
     D:3: 1330 daAuts
     D:4: 1050 daAuts
     D:1: 1043 daAuts
     D:2: 919 daAuts
     D:5: 875 daAuts
     D:6: 685 daAuts
  Temple: 91 daAuts
